 Dungeon Crawl Stone Soup version 0.23.2-1-ga50397a6bc (webtiles) character file.

Game seed: 10403859353589642847

5628 1994 the Covert (level 10, -12/76 HPs)
             Began as a Vampire Assassin on Apr 28, 2019.
             Was a Follower of Uskayaw.
             Killed from afar by a gargoyle (21 damage)
             ... with a stone arrow
             ... on level 9 of the Dungeon.
             The game lasted 00:43:45 (12474 turns).

1994 the Covert (Vampire Assassin)                 Turns: 12474, Time: 00:43:46

Health: -12/76     AC:  7    Str: 12    XL:     10   Next: 46%
Magic:  14/14      EV: 17    Int: 14    God:    Uskayaw [*.....]
Gold:   596        SH:  0    Dex: 20    Spells: 7/9 levels left

rFire    . . .     SeeInvis +   u - +2 dagger (venom)
rCold    + . .     Gourm    .   (no shield)
rNeg     + + .     Faith    .   K - +0 troll leather armour
rPois    +         Spirit   .   N - +0 helmet
rElec    .         Reflect  .   d - +0 cloak
rCorr    .         Harm     .   w - +0 pair of gloves
MR       +....     Rnd*Tele +   (no boots)
Stlth    ++++++....             (no amulet)
HPRegen  0.31/turn              o - +3 ring of dexterity
MPRegen  0.14/turn              L - ring of teleportation (curse)

@: regenerating slowly
A: fangs 3, see invisible, unbreathing
a: Bat Form, Stomp, Renounce Religion


You were on level 9 of the Dungeon.
You worshipped Uskayaw.
Uskayaw was noncommittal.
You were near bloodless.

You visited 2 branches of the dungeon, and saw 10 of its levels.
You also visited: Sewer.

You collected 596 gold pieces.

Inventory:

Hand Weapons
 a - a +1 vampiric dagger
 b - a +0 blowgun
 u - a +2 dagger of venom (weapon)
Missiles
 e - 60 poisoned needles
 f - 2 curare-tipped needles
 j - 246 stones
 s - 66 sling bullets
 v - 7 tomahawks (quivered)
Armour
 d - a +0 cloak (worn)
 w - a +0 pair of gloves (worn)
 K - a +0 troll leather armour (worn)
 N - a +0 helmet (worn)
Magical Staves
 F - an uncursed staff of fire
Jewellery
 i - a +3 ring of intelligence
 o - a +3 ring of dexterity (left hand)
 B - an uncursed ring of magical power
 G - an uncursed ring of wizardry
 L - a cursed ring of teleportation (right hand)
Wands
 t - a wand of iceblast (8)
 H - a wand of digging (4)
 M - a wand of random effects (12)
Scrolls
 l - 6 scrolls of remove curse
 q - 3 scrolls of teleportation
 r - 3 scrolls of immolation
 y - 2 scrolls of fear
 C - a scroll of blinking {unknown}
 E - a scroll of magic mapping {unknown}
 I - a scroll of summoning {unknown}
 J - a scroll of identify
Potions
 c - 2 potions of brilliance
 g - 8 potions of blood
 h - 5 potions of curing
 k - a potion of mutation
 m - a potion of berserk rage {unknown}
 n - a potion of might {unknown}
 p - 2 potions of lignification
 x - 2 potions of flight {unknown}
 z - 2 potions of magic {unknown}
 A - 2 potions of heal wounds {unknown}
 D - a potion of ambrosia {unknown}


   Skills:
 + Level 6.1 Fighting
 - Level 10.0 Short Blades
 + Level 2.2 Throwing
 + Level 7.0 Dodging
 + Level 10.1 Stealth
 + Level 2.3 Translocations
 * Level 5.8 Invocations


You had 7 spell levels left.
You knew the following spells:

 Your Spells              Type           Power        Failure   Level  Hunger
a - Blink                 Tloc           N/A          22%         2    ###....

Your spell library contained the following spells:

 Spells                   Type           Power        Failure   Level  Hunger
 Magic Dart               Conj           #...         36%         1    ##.....
 Call Imp                 Summ           #.......     50%         2    ###....
 Searing Ray              Conj           #.....       50%         2    ###....
 Slow                     Hex            #.......     50%         2    ###....
 Conjure Flame            Conj/Fire      #.......     73%         3    ####...
 Dazzling Spray           Conj/Hex       #.....       73%         3    ####...
 Mephitic Cloud           Conj/Pois/Air  #.......     73%         3    ####...
 Force Lance              Conj/Tloc      #.......     92%         4    #####..
 Fulminant Prism          Conj/Hex       #.........   98%         4    #####..
 Iskenderun's Mystic Bla  Conj           #.......     98%         4    #####..


Dungeon Overview and Level Annotations

Branches:
Dungeon (9/15)             Temple (1/1) D:5             Orc (0/2) D:9
   Lair: D:8-11

Altars:
Ashenzari
Cheibriados
Dithmenos
Elyvilon
Fedhas
Gozag
Hepliaklqana
Kikubaaqudgha
Makhleb
Nemelex Xobeh
Okawaru
Qazlal
Ru
Sif Muna
Trog
Uskayaw
Vehumet
Wu Jian
Xom
Zin
The Shining One

Shops:
D:7 =


Innate Abilities, Weirdness & Mutations

You heal slowly.
You have razor-sharp teeth.
You have supernaturally acute eyesight. (SInv)
You can survive without breathing.


Message History

You hit the gargoyle but do no damage.
The gargoyle is heavily damaged.
You hit the gargoyle but do no damage.
You bite the gargoyle, but do no damage.
The gargoyle is heavily damaged.
The gargoyle hurls a stone arrow at you.
The stone arrow misses you.
You hit the gargoyle but do no damage.
The gargoyle is heavily damaged.
You hit the gargoyle but do no damage.
The gargoyle is heavily damaged.
The gargoyle hits you with a +0 mace.
* * * LOW HITPOINT WARNING * * *
You hit the gargoyle but do no damage.
The gargoyle is heavily damaged.
You hit the gargoyle but do no damage.
The gargoyle is heavily damaged.
The gargoyle hurls a stone arrow at you.
The stone arrow hits you!!
You die...

#.##...# ## #.##...# #. #.###.##
#.######## #.###.########
###....#<... ###.#..........
............ #.._..#......#####
####......# #.#.#.#..........#
#......#
#.....#..........########......#
##....#.(.....9@........#......#
##.###......#.########.......##
#.###.######.#<##.#[#[).....##
#>......%....[.......[[.......
#...#.######.##.....#.#.######
#.#.#.##.....##...#.#.#.#
#.#.#.##.....######9#.#.#
#.....##............#.#.#
###.####.....########.#.#


You could see a gargoyle (invisible).

Vanquished Creatures
  2 two-headed ogres
  A troll (D:9)
  A hornet (D:9)
  2 hungry ghosts
  Menkaure (D:7)
  An orc warrior (D:9)
  2 ice beasts
  3 sky beasts
  3 ogres
  3 phantoms
  A centaur (D:7)
  A big kobold (D:7)
  2 bullfrogs
  A water moccasin zombie (D:9)
  2 scorpions
  6 killer bees (D:8)
  3 wights
  3 howler monkeys
  2 crimson imps
  A quasit (D:8)
  2 hounds
  6 jellies
  4 orc priests
  3 bullfrog skeletons
  2 iguanas
  Natasha (thrice) (D:3)
  8 orc wizards
  13 worker ants
  A howler monkey skeleton (D:9)
  15 adders
  3 river rats (D:6)
  4 shadow imps
  8 oozes
  An adder skeleton (D:7)
  2 worms
  5 dart slugs
  10 leopard geckos
  21 orcs
  12 giant cockroaches
  9 goblins
  4 hobgoblins
  17 jackals
  12 kobolds
  3 quokkas
  3 ball pythons
  6 bats
  9 frilled lizards
  A jackal skeleton (D:7)
  2 quokka skeletons
  8 rats
238 creatures vanquished.

Notes
Turn   | Place    | Note
-------+----------+-------------------------------------------
     0 | D:1      | 1994 the Vampire Assassin began the quest for the Orb.
     0 | D:1      | Reached XP level 1. HP: 16/16 MP: 1/1
   142 | D:1      | Reached XP level 2. HP: 20/22 MP: 2/2
   584 | D:1      | Reached XP level 3. HP: 24/27 MP: 3/3
  1186 | D:2      | Found an ornate altar of the Wu Jian Council.
  1223 | D:2      | Found a snail-covered altar of Cheibriados.
  1576 | D:2      | Found a stormy altar of Qazlal.
  1606 | D:2      | Reached XP level 4. HP: 34/34 MP: 4/4
  1853 | D:3      | Noticed Natasha
  2057 | D:3      | Killed Natasha
  2349 | D:3      | Noticed Natasha
  2363 | D:3      | Killed Natasha
  2363 | D:3      | Reached XP level 5. HP: 25/39 MP: 5/5
  2408 | D:3      | Noticed Natasha
  3122 | D:3      | Killed Natasha
  3308 | D:3      | Found an opulent altar of Gozag.
  3440 | D:3      | Found a faded altar of an unknown god.
  3510 | D:3      | Reached skill level 5 in Short Blades
  3510 | D:3      | Reached XP level 6. HP: 31/47 MP: 6/6
  4258 | D:4      | Reached XP level 7. HP: 52/52 MP: 7/7
  4625 | D:5      | Entered Level 5 of the Dungeon
  5700 | D:5      | Found a radiant altar of Vehumet.
  5707 | D:5      | Reached XP level 8. HP: 59/60 MP: 8/8
  5744 | D:6      | Found a glowing drain.
  5810 | Sewer    | Entered a sewer
  6325 | D:5      | Found a staircase to the Ecumenical Temple.
  6334 | Temple   | Entered the Ecumenical Temple
  6394 | Temple   | Became a worshipper of Uskayaw the Reveler
  6432 | D:5      | Reached * piety under Uskayaw
  6441 | D:5      | Reached ** piety under Uskayaw
  6772 | D:5      | Reached skill level 5 in Dodging
  6772 | D:5      | Reached skill level 1 in Invocations
  6781 | D:5      | Reached *** piety under Uskayaw
  6842 | D:5      | Found a sacrificial altar of Ru.
  7409 | D:6      | Found a stormy altar of Qazlal.
  7669 | D:6      | Noticed a two-headed ogre
  7747 | D:6      | Killed a two-headed ogre
  7747 | D:6      | Reached skill level 5 in Fighting
  7747 | D:6      | Reached XP level 9. HP: 8/68 MP: 11/11
  8186 | D:6      | Found a shadowy altar of Dithmenos.
  8348 | D:7      | Found an ancient bone altar of Kikubaaqudgha.
  8552 | D:7      | Found Kezxiwes's Jewellery Shoppe.
  8554 | D:7      | Noticed Menkaure
  8996 | D:7      | Killed Menkaure
  9650 | D:8      | Found a white marble altar of Elyvilon.
  9674 | D:8      | Found a sparkling altar of Nemelex Xobeh.
  9721 | D:8      | Noticed a two-headed ogre
 10076 | D:8      | Learned a level 2 spell: Blink
 10140 | D:8      | HP: 2/69 [two-headed ogre/+0 giant club (23)]
 10479 | D:8      | Killed a two-headed ogre
 10479 | D:8      | Reached skill level 1 in Translocations
 10479 | D:8      | Reached skill level 5 in Invocations
 10479 | D:8      | Reached XP level 10. HP: 67/76 MP: 13/13
 11166 | D:8      | Reached **** piety under Uskayaw
 11560 | D:9      | Found a burning altar of Makhleb.
 11597 | D:9      | Noticed a gargoyle
 12069 | D:9      | Got a transparent hand crossbow
 12076 | D:9      | Identified the cursed +2 hand crossbow of Precise Incision
                  | {freeze, rC++ Dex+2 SInv Stlth+} (You found it on level 9
                  | of the Dungeon)
 12103 | D:9      | Reached skill level 10 in Short Blades
 12201 | D:9      | Reached skill level 10 in Stealth
 12211 | D:9      | Found a staircase to the Orcish Mines.
 12474 | D:9      | Killed from afar by a gargoyle

Skill      XL: |  1  2  3  4  5  6  7  8  9 10 |
---------------+-------------------------------+-----
Fighting       | 2 3 4 5 6 |  6.1
Short Blades   | 3 4 5 7 8 9 10 | 10.0
Dodging        | 2 3 4 5 6 7 |  7.0
Stealth        | 6 7 8 9 10 | 10.1
Invocations    | 3 5 |  5.8
Translocations | 1 2 |  2.3
Throwing       | 2 |  2.2

Action                   |  1- 3 |  4- 6 |  7- 9 | 10-12 || total
-------------------------+-------+-------+-------+-------++-------
Melee: Dagger            |   112 |   228 |   502 |   155 ||   997
       Bite              |    13 |    24 |    65 |    22 ||   124
       Unarmed           |       |       |     1 |       ||     1
 Fire: Blowgun           |     2 |    11 |    12 |       ||    25
Throw: Stone             |       |     1 |     1 |       ||     2
       Tomahawk          |       |       |     6 |     6 ||    12
Invok: Stomp             |       |       |     3 |       ||     3
       Line Pass         |       |       |     6 |     2 ||     8
 Abil: End Transformatio |       |     2 |     9 |     2 ||    13
       Bat Form          |       |     2 |     9 |     2 ||    13
Evoke: Wand              |       |       |       |     7 ||     7
  Use: Potion            |       |     5 |    14 |     3 ||    22
       Scroll            |       |     4 |     6 |     1 ||    11
 Stab: Sleeping          |    12 |     8 |    33 |    16 ||    69
       Distracted        |     1 |       |     3 |       ||     4
       Confused          |       |       |     3 |       ||     3
       Paralysed         |       |       |     2 |     3 ||     5
Armor: Robe              |    14 |     8 |       |       ||    22
       Leather armour    |       |    22 |    57 |     9 ||    88
       Troll leather arm |       |       |       |     2 ||     2
Dodge: Dodged            |    40 |   140 |   225 |    82 ||   487
